AoeStats
← Fänncy

Glade

510635578Analyzed
1v1 RM · 1d ago on Oct 1, 2026· 56m 40s· 2 players
Game mode
Random Map
Map size
Tiny (2 player)
Population
200
Speed
Normal
Resources
Standard
Victory
Conquest
Starting age
Dark Age
Ending age
Imperial Age
RankedLock teamsTeams togetherTeam positionsShared explorationLock speedFull tech treeHidden civsTurbo modeCheats
Victory
Defeat
🇩🇪 Danes · Germany
1063
+17
🇲🇽 Vietnamese · Mexico
1084
-17
Fänncy
10:39 Feudal Age
15:07 Castle Age
14:02 Double-Bit Axe
14:00 Horse Collar
14:37 Gold Mining
15:07 Loom
15:50 Scale Mail Armor
19:37 Squires
20:17 Bow Saw
20:38 Gambesons
22:40 Chain Mail Armor
22:23 Town Watch
23:17 Wheelbarrow
24:17 Stone Mining
24:43 Heavy Plow
25:38 Gold Shaft Mining
26:13 Forging
26:45 Fletching
27:18 Town Watch
29:37 Hand Cart
31:18 Bodkin Arrow
34:49 Imperial Age
36:10 Padded Archer Armor
35:48 Onager
37:06 Ballistics
37:47 Chemistry
38:02 Bracer
38:15 Bloodlines
38:06 Husbandry
38:14 Thumb Ring
39:21 Stone Shaft Mining
38:10 Cranequins
39:38 Siege Engineers
39:29 Elite Skirmisher
40:25 Siege Onager
42:10 Leather Archer Armor
43:51 Ring Archer Armor
44:03 Elite Varangian Guard
46:58 Plate Mail Armor
47:06 Iron Casting
45:59 Hamask
47:01 Conscription
49:14 Masonry
51:45 Blast Furnace
52:44 Elite Jomsviking
53:15 Capped Ram
56:23 Arson
Mezcalito
2:49 Loom
10:53 Feudal Age
11:28 Double-Bit Axe
19:08 Castle Age
19:05 Horse Collar
20:06 Fletching
26:24 Crossbowman
27:24 Bodkin Arrow
28:36 Padded Archer Armor
29:52 Thumb Ring
31:54 Town Watch
35:33 Imperial Age
34:14 Stone Mining
34:15 Gold Mining
38:33 Chemistry
38:03 Arbalester
40:49 Bracer
44:11 Elite Skirmisher
45:08 Imperial Skirmisher
47:19 Ballistics
56:57 Town Patrol
Connection lost

Rejoining the realm…

Still unreachable

The connection could not be restored.

Session expired

The server has moved on; the page needs a fresh start.